 Dungeon Crawl Stone Soup version 0.18-a0-1800-gdc7a371 (webtiles) character file.

455 M4edhros the Insei (level 7, -1/41 HPs)
             Began as an Octopode Necromancer on Apr 24, 2016.
             Slain by a worker ant (7 damage)
             ... on level 6 of the Dungeon.
             The game lasted 00:12:09 (1335 turns).

M4edhros the Insei (Octopode Necromancer)           Turns: 1335, Time: 00:12:09

Health: -1/41      AC:  1    Str: 11 (12) XL:     7   Next: 5%
Magic:  1/10       EV: 12    Int: 16 (17) God:
Gold:   180        SH:  0    Dex: 12 (14) Spells: 3 memorised, 5 levels left

rFire  . . .     SeeInvis .       - Unarmed
rCold  . . .     Gourm    .     (no shield)
rNeg   . . .     Faith    +     (helmet restricted)
rPois  .         Spirit   .     k - amulet of faith
rElec  .         Dismiss  .     q - ring of teleportation (curse)
rCorr  .         Reflect  .     s - +4 ring of strength
SustAt .         Harm     .     (no ring)
MR     .....     Rnd*Tele +     (no ring)
Stlth  +++.......               (no ring)
                                (no ring)
                                (no ring)
                                (no ring)

@: lethally poisoned (-1 -> -8), very slightly contaminated, not resistant to
hostile enchantments, fairly stealthy
A: almost no armour, amphibious, 8 rings, constrict 8, camouflage 1, gelatinous
body 1
a: no special abilities


You were on level 6 of the Dungeon.
You were very hungry.

You visited 1 branch of the dungeon, and saw 6 of its levels.

You collected 180 gold pieces.

Inventory:

Hand Weapons
 d - a +3 shortbow
 f - a +0 dagger of speed
Missiles
 c - 55 stones (quivered)
 j - 2 throwing nets
 v - 24 sling bullets
 w - 12 arrows
Jewellery
 k - an amulet of faith (around mantle)
 q - a cursed ring of teleportation (left tentacle)
 s - a +4 ring of strength (right tentacle)
Wands
 r - a wand of flame (35/48)
Scrolls
 g - a scroll of fog {unknown}
 i - 2 scrolls of teleportation
 l - 2 scrolls of enchant weapon {unknown}
 m - a scroll of fear
 o - 2 scrolls of random uselessness
 p - a scroll of enchant armour
 u - 2 scrolls of magic mapping {unknown}
Potions
 n - 2 potions of agility
 t - a potion of flight
Books
 a - a book of Necromancy

   Spells                             Type                      Level
   a - Pain                           Necromancy                   1
   b - Animate Skeleton               Necromancy                   1
   c - Vampiric Draining              Necromancy                   3
   d - Regeneration                   Charms/Necromancy            3
   e - Animate Dead                   Necromancy                   4
   f - Control Undead                 Necromancy                   4
Comestibles
 b - 2 bread rations
 h - 2 meat rations
 z - 2 chunks of flesh


   Skills:
 - Level 2.0 Dodging
 - Level 2.6 Stealth
 + Level 7.0 Unarmed Combat
 - Level 2.0 Spellcasting
 - Level 4.0 Necromancy


You had 5 spell levels left.
You knew the following spells:

 Your Spells              Type           Power        Failure   Level  Hunger
a - Pain                  Necr           ##..         4%          1    #......
b - Animate Skeleton      Necr           N/A          4%          1    #......
r - Regeneration          Chrm/Necr      #.........   28%         3    ###....


Dungeon Overview and Level Annotations

Branches:
Dungeon (6/15)
 Temple: D:4-7

Altars:
Ashenzari
Ru
Xom


Innate Abilities, Weirdness & Mutations

You cannot wear most types of armour.
You are amphibious.
You can wear up to eight rings at the same time.
You can use your tentacles to constrict eight enemies at once.
Your skin changes colour to match your surroundings (Stealth).
Your rubbery body absorbs attacks (AC +1).


Message History

Casting: Regeneration
Confirm with . or Enter, or press ? or * to list all spells.
You miscast Regeneration.
Nothing appears to happen.
You constrict the worker ant, but do no damage.
* * * LOW HITPOINT WARNING * * *
You feel sick. The worker ant bites you.
* * * LOW HITPOINT WARNING * * *
Drink which item? (? for menu, Esc to quit)
It was a potion of degeneration.
There was something very wrong with that liquid.
You feel weakened.
You feel dopey.
You feel clumsy.
You constrict the worker ant, but do no damage.
* * * LOW HITPOINT WARNING * * *
You feel sick.
The worker ant waves its antennae.
The worker ant barely misses you.
Drink which item? (? for menu, Esc to quit)
It was a potion of cure mutation.
It has a very clean taste.
You constrict the worker ant. The worker ant bites you!
You die...

# .# #. ###. #. #..
##.# #.# =
####...######.# ...
........@a...(##.....
#.)......####......##
#.........# #.##...#_
#......<..# #.# ..##
#...).....# #.# ..
#........## #.#
###.....## #.#
#...... ... ...#####
###


You could see a worker ant.

Vanquished Creatures
  A centaur (D:6)
  A scorpion (D:4)
  3 crimson imps
  2 orc wizards
  A worker ant (D:4)
  A howler monkey zombie (D:5)
  A worker ant zombie (D:5)
  A howler monkey skeleton (D:4)
  4 gnolls (D:5)
  5 adders
  A giant gecko (D:5)
  2 orcs
  2 ball pythons
  4 goblins
  3 hobgoblins
  2 kobolds
  A quokka (D:2)
  2 bats (D:3)
  A giant newt (D:3)
  A rat (D:2)
39 creatures vanquished.

Vanquished Creatures (collateral kills)
  A hound skeleton (D:5)
1 creature vanquished.

Grand Total: 40 creatures vanquished

Notes
Turn   | Place    | Note
--------------------------------------------------------------
     0 | D:1      | M4edhros the Octopode Necromancer began the quest for the Orb.
     0 | D:1      | Reached XP level 1. HP: 11/11 MP: 3/3
    43 | D:1      | Reached skill level 1 in Unarmed Combat
   119 | D:1      | Reached XP level 2. HP: 3/17 MP: 0/5
   194 | D:1      | Learned a level 1 spell: Animate Skeleton
   205 | D:2      | Reached skill level 2 in Unarmed Combat
   365 | D:2      | Reached skill level 3 in Unarmed Combat
   365 | D:2      | Reached XP level 3. HP: 19/21 MP: 6/6
   430 | D:2      | Reached XP level 4. HP: 11/27 MP: 7/7
   460 | D:2      | Learned a level 3 spell: Regeneration
   625 | D:3      | Reached skill level 4 in Unarmed Combat
   751 | D:5      | Entered Level 5 of the Dungeon
   775 | D:5      | Noticed an ogre
   803 | D:5      | Reached XP level 5. HP: 25/31 MP: 8/8
   845 | D:5      | Reached skill level 5 in Unarmed Combat
   880 | D:5      | Found a sacrificial altar of Ru.
   926 | D:5      | Reached XP level 6. HP: 34/36 MP: 9/9
  1038 | D:4      | Reached skill level 6 in Unarmed Combat
  1190 | D:4      | Found a shimmering altar of Xom.
  1295 | D:6      | Reached skill level 7 in Unarmed Combat
  1295 | D:6      | Reached XP level 7. HP: 7/41 MP: 6/10
  1313 | D:6      | Found a shattered altar of Ashenzari.
  1335 | D:6      | Slain by a worker ant

Vault maps used:
D:1:      dpeg_arrival_shelter
D:2:      lemuel_doored_altar, first_bread
D:4:      led_xom_imps, serial_corexii_hall, corexii_hall_statues_s,
          corexii_hall_statues_l, corexii_hall_statues_i,
          corexii_hall_statues_x, bh_chokoban
D:5:      zin_academy, nicolae_tso_swordbearing_angel,
          nicolae_overflow_hidden_temple
D:6:      elyvilon_altar_1, gammafunk_temple_overflow_forgotten,
          marbit_many_paths, ashenzari_conservatory_becter, basic_altar

Skill      XL: |  1  2  3  4  5  6 |
---------------+-------------------+-----
Unarmed Combat | 1 3 4 5 7 |  7.0
Dodging        | |  2.0
Stealth        | |  2.6
Spellcasting   | |  2.0
Necromancy     | |  4.0

Action                   |  1- 3 |  4- 6 |  7- 9 || total
-------------------------+-------+-------+-------++-------
Melee: Unarmed           |     5 |    76 |     2 ||    83
       Constrict         |     4 |    21 |     1 ||    26
       Punch             |     2 |     2 |       ||     4
       Dagger            |    19 |       |       ||    19
       Tentacles         |     1 |    21 |       ||    22
 Fire: Shortbow          |       |       |     1 ||     1
 Cast: Pain              |    17 |    15 |       ||    32
       Animate Skeleton  |     3 |     4 |     1 ||     8
       Regeneration      |       |    12 |     1 ||    13
  Use: Potion            |     2 |     4 |     2 ||     8
       Scroll            |       |     5 |       ||     5
 Stab: Sleeping          |     1 |     4 |       ||     5
  Eat: Chunk             |       |     3 |       ||     3
Armor: Skin              |     1 |    11 |       ||    12
Dodge: Dodged            |    13 |    56 |     2 ||    71
